 Dungeon Crawl Stone Soup version 0.22-a0-348-gd16d139 (webtiles) character file.

154 b5mith the Ducker (level 5, -2/45 HPs)
             Began as a Ghoul Gladiator on Apr 7, 2018.
             Killed from afar by Natasha (9 damage)
             ... with a magic dart
             ... on level 2 of the Dungeon.
             The game lasted 00:07:46 (2417 turns).

b5mith the Ducker (Ghoul Gladiator)                 Turns: 2417, Time: 00:07:47

Health: -2/45      AC:  5    Str: 19    XL:     5   Next: 35%
Magic:  4/4        EV: 12    Int:  3    God:
Gold:   200        SH:  0    Dex:  8    Spells: 4/4 levels left

rFire    . . .     SeeInvis .   j - -2 mace (curse)
rCold    + . .     Gourm    .   (no shield)
rNeg     + + +     Faith    .   b - +0 leather armour
rPois    ∞         Spirit   .   c - +1 helmet
rElec    .         Reflect  .   (no cloak)
rCorr    .         Harm     .   (no gloves)
MR       .....                  (no boots)
Stlth    +.........             (no amulet)
HPRegen  0.00/turn              m - -2 ring of dexterity (curse)
MPRegen  0.09/turn              (no ring)

@: rotting, slowed, very slow
A: rotting body, claws 1, carnivore, cold resistance 1, negative energy
resistance 3, inhibited regeneration, torment resistance, unbreathing
a: no special abilities


You were on level 2 of the Dungeon.
You were very hungry.

You visited 1 branch of the dungeon, and saw 2 of its levels.

You collected 200 gold pieces.

Inventory:

Hand Weapons
 a - a +1 flail
 e - a +2 antimagic short sword
 j - a cursed -2 mace (weapon)
Missiles
 d - 3 throwing nets (quivered)
Armour
 b - a +0 leather armour (worn)
 c - a +1 helmet (worn)
Jewellery
 m - a cursed -2 ring of dexterity (left claw)
Wands
 l - a wand of flame (27)
 n - a wand of iceblast (5)
Scrolls
 k - 2 scrolls of identify {@r1}
Potions
 h - a potion of haste
Comestibles
 f - 4 rations
 i - a chunk of flesh


   Skills:
 + Level 3.2 Fighting
 - Level 2.8 Maces & Flails
 + Level 2.5 Throwing
 + Level 3.3 Dodging
 + Level 1.8 Stealth
 * Level 2.5 Unarmed Combat


You had 4 spell levels left.
You didn't know any spells.

Dungeon Overview and Level Annotations

Branches:
Dungeon (2/15)

Altars:

Annotations:
D:2 Natasha


Innate Abilities, Weirdness & Mutations

Your body is rotting away.
You thrive on raw meat.
You are immune to poison.
You have sharp fingernails.
You are carnivorous and can eat meat at any time.
Your flesh is cold resistant. (rC+)
You are immune to negative energy. (rN+++)
You do not regenerate when monsters are visible.
You are immune to unholy pain and torment.
You can survive without breathing.


Message History

You feel yourself slow down.
You closely miss Natasha. Natasha claws you.
Natasha mumbles some strange words.
You closely miss Natasha. Natasha claws you! Natasha claws you.
The iron imp laughs crazily.
You closely miss Natasha.
Natasha hisses.
Natasha claws you! The iron imp hits you!
* * * LOW HITPOINT WARNING * * *
Natasha barely misses you. The iron imp barely misses you.
You are too injured to fight recklessly!
Natasha wildly gestures.
You feel troubled.
Natasha stares at you and mumbles some strange words.
You feel as though you will be slow longer.
Natasha claws you.
* * * LOW HITPOINT WARNING * * *
Natasha stares at you and mumbles some strange words.
The magic dart hits you!
You die...

......#####8...8####.###).......#
#####.....###.######..##.######.#
....######.......................
###....)..#####....#..##>########
#######.#######....##..#
#......(...)...<######
#######......h5##.#......#
#####..)...÷#####..##.######.#
......#########.@.....## #.##
.......(†.......####...#####..###
###########......................
#........#####..........÷.
#........# ###..♣♣♣...♣♣
#........# #.♣# #♣.♣#
#........#######.♣ ♣.♣
#................♣# #♣.♣#
###############...♣♣♣.♣.♣♣


You could see an iron imp and Natasha.

Vanquished Creatures
  Terence (D:2)
  Jessica (D:2)
  Natasha (D:2)
  2 adders (D:2)
  2 oozes (D:1)
  3 dart slugs (D:1)
  A giant cockroach (D:2)
  9 hobgoblins
  A jackal (D:2)
  A quokka (D:2)
  A ball python (D:1)
  7 bats
  6 goblins
  7 kobolds
  5 rats
48 creatures vanquished.

Vanquished Creatures (others)
  A jackal (D:2)
1 creature vanquished.

Grand Total: 49 creatures vanquished

Notes
Turn   | Place    | Note
-------+----------+-------------------------------------------
     0 | D:1      | b5mith the Ghoul Gladiator began the quest for the Orb.
     0 | D:1      | Reached XP level 1. HP: 17/17 MP: 0/0
   124 | D:1      | Reached XP level 2. HP: 25/25 MP: 1/1
   624 | D:1      | Reached skill level 1 in Unarmed Combat
   624 | D:1      | Reached XP level 3. HP: 22/30 MP: 2/2
  1522 | D:2      | Reached skill level 1 in Stealth
  1707 | D:2      | Noticed Jessica
  1734 | D:2      | HP: 1/30 [jackal (2)]
  1741 | D:2      | Killed Jessica
  1741 | D:2      | Reached XP level 4. HP: 34/37 MP: 3/3
  2015 | D:2      | Noticed Terence
  2055 | D:2      | Killed Terence
  2055 | D:2      | Reached XP level 5. HP: 5/45 MP: 4/4
  2350 | D:2      | Noticed Natasha
  2358 | D:2      | Killed Natasha
  2406 | D:2      | Noticed Natasha
  2417 | D:2      | Killed from afar by Natasha

Vault maps used:
D:1:      giann_horns, minmay_tromino_v2
D:2:      minmay_stone_trees_medium, minmay_misc_feat_hallway, uniq_terence,
          uniq_natasha, uniq_jessica

Skill      XL: |  1  2  3  4 |
---------------+-------------+-----
Throwing       | 2 |  2.5
Dodging        | 3 |  3.3
Unarmed Combat | 1 2 |  2.5
Stealth        | 1 |  1.8
Fighting       | 3 |  3.2
Maces & Flails | |  2.8

Action                   |  1- 3 |  4- 6 || total
-------------------------+-------+-------++-------
Melee: Flail             |     8 |       ||     8
       Unarmed           |   116 |       ||   116
       Mace              |    14 |    92 ||   106
       Punch             |       |     1 ||     1
  Use: Potion            |     2 |     1 ||     3
       Scroll            |       |     6 ||     6
  Eat: Chunk             |     3 |     1 ||     4
Armor: Leather armour    |    37 |    28 ||    65
Dodge: Dodged            |    94 |    64 ||   158

Table legend:
 A = Spawn XP
 B = Non-spawn XP
 C = Spawn XP percentage of total XP
 D = Spawn monster count
 E = Non-spawn monster count
 F = Spawn count percentage of total count
 G = Total turns spent on level
                    A         B        C        D         E        F      G
               +---------+---------+-------+---------+---------+-------+---------
         Total |       0 |     220 |   0.0 |       0 |      48 |   0.0 |  2417
               +---------+---------+-------+---------+---------+-------+---------
           D:1 |       0 |      55 |   0.0 |       0 |      25 |   0.0 |  1498
           D:2 |       0 |     165 |   0.0 |       0 |      23 |   0.0 |   919
               +---------+---------+-------+---------+---------+-------+---------
